 Dungeon Crawl Stone Soup version 0.23-a0-151-gf6d1ed2 (webtiles) character file.

32141 nikopol the Eclecticist (level 13, 0/65 HPs)
             Began as a Deep Elf Fire Elementalist on Sept 6, 2018.
             Was a High Priest of Vehumet.
             Slain by a spiny frog (7 damage)
             ... on level 5 of the Lair of Beasts on Sept 7, 2018.
             The game lasted 01:05:17 (19128 turns).

nikopol the Eclecticist (DEFE)                     Turns: 19128, Time: 01:05:18

Health: 0/65       AC:  6    Str:  5    XL:     13   Next: 29%
Magic:  23/35      EV:  2    Int: 26    God:    Vehumet [*****.]
Gold:   989        SH:  0    Dex: 15    Spells: 20/44 levels left

rFire    + . .     SeeInvis .   o - staff of fire
rCold    . . .     Gourm    .   s - +0 buckler
rNeg     + + +     Faith    .   A - +2 robe {MR+}
rPois    ∞         Spirit   .   L - +2 hat {MR+}
rElec    .         Reflect  .   (no cloak)
rCorr    .         Harm     .   (no gloves)
MR       ++++.                  (no boots)
Stlth    +++.......             b - amulet of the acrobat
HPRegen  0.20/turn              l - ring of protection from magic
MPRegen  0.24/turn              R - ring of poison resistance

@: petrified
A: no striking features
a: Renounce Religion


You were on level 5 of the Lair of Beasts.
You worshipped Vehumet.
Vehumet was extremely pleased with you.
You were not hungry.

You visited 3 branches of the dungeon, and saw 18 of its levels.
You also visited: Ossuary.

You collected 1093 gold pieces.
You spent 104 gold pieces at shops.

Inventory:

Hand Weapons
 g - a +5 dagger of freezing
 O - the +3 quarterstaff "Death Rattle" {elec, Dex+4 SInv}
   (You found it on level 11 of the Dungeon)

   Occasionally, upon striking a foe, it will discharge some electrical energy
   and cause terrible harm.
   It affects your dexterity (+4).
   It lets you see invisible.
Armour
 s - a +0 buckler (worn)
 A - a +2 robe of magic resistance (worn)
 L - a +2 hat of magic resistance (worn)
Magical Staves
 o - an uncursed staff of fire (weapon)
 D - an uncursed staff of wizardry
Jewellery
 b - an amulet of the acrobat (around neck)
 d - an uncursed ring of protection from cold
 l - a ring of protection from magic (left hand)
 w - an uncursed amulet of the gourmand
 z - a +3 ring of protection
 P - a cursed -3 ring of intelligence {unknown}
 R - a ring of poison resistance (right hand)
 X - an uncursed ring of magical power {unknown}
Wands
 j - a wand of disintegration (19)
 B - a wand of iceblast (2)
 C - a wand of paralysis (11)
 F - a wand of acid (16)
 G - a wand of polymorph (22)
 K - a wand of flame (16)
 N - a wand of digging (8)
 S - a wand of clouds (7)
Scrolls
 a - 4 scrolls of fog
 e - 2 scrolls of blinking
 f - 7 scrolls of remove curse
 k - 8 scrolls of identify
 q - 11 scrolls of teleportation
 x - a scroll of fear
 y - 3 scrolls of amnesia
 E - 2 scrolls of enchant armour
 I - 2 scrolls of enchant weapon
 M - a scroll of magic mapping
 Q - a scroll of silence
 W - a scroll of torment {unknown}
Potions
 h - 2 potions of haste
 i - 3 potions of agility
 m - 2 potions of flight
 n - 7 potions of heal wounds
 p - 2 potions of degeneration
 r - 7 potions of brilliance
 t - a potion of berserk rage
 u - 6 potions of lignification
 v - 10 potions of curing
 H - 2 potions of mutation
 J - 3 potions of might
 U - a potion of resistance
 V - a potion of cancellation
Comestibles
 c - 29 rations


   Skills:
 + Level 1.5 Fighting
 + Level 5.0 Dodging
 + Level 5.7 Stealth
 + Level 4.3 Shields
 + Level 16.4 Spellcasting
 + Level 12.9 Conjurations
 + Level 13.0 Fire Magic
 + Level 2.3 Ice Magic
 + Level 0.5 Earth Magic


You had 20 spell levels left.
You knew the following spells:

 Your Spells              Type           Power        Failure   Level  Hunger
a - Flame Tongue          Conj/Fire      #####        0%          1    None
b - Throw Flame           Conj/Fire      ######       0%          2    None
c - Conjure Flame         Conj/Fire      #######.     1%          3    None
d - Sticky Flame          Conj/Fire      #######.     1%          4    None
e - Fireball              Conj/Fire      #######...   1%          5    None
f - Throw Icicle          Conj/Ice       ######..     1%          4    None
g - Bolt of Magma         Conj/Fire/Erth #######...   1%          5    None

Your spell library contained the following spells:

 Spells                   Type           Power        Failure   Level  Hunger
 Freeze                   Ice            ####         1%          1    None
 Throw Frost              Conj/Ice       ######       1%          2    None
 Inner Flame              Hex/Fire       ######..     1%          3    None
 Passwall                 Tmut/Erth      ###.....     3%          2    None
 Swiftness                Chrm/Air       ###.....     3%          2    None
 Ozocubu's Armour         Chrm/Ice       ####....     4%          3    None
 Recall                   Summ/Tloc      N/A          7%          3    None
 Lee's Rapid Deconstruct  Erth           ###.......   13%         5    None
 Summon Ice Beast         Ice/Summ       ####....     14%         4    None
 Animate Dead             Necr           N/A          24%         4    None
 Passage of Golubria      Tloc           N/A          24%         4    None
 Borgnjor's Vile Clutch   Necr/Erth      ###.......   52%         5    None
 Simulacrum               Ice/Necr       ####......   92%         6    ####...
 Darkness                 Hex            ###.......   98%         6    ####...
 Death Channel            Necr           ###.......   98%         6    ####...
 Invisibility             Hex            ###.....     98%         6    ####...


Dungeon Overview and Level Annotations

Branches:
Dungeon (11/15)            Temple (1/1) D:7            Lair (6/6) D:11
 Shoals (0/4) Lair:3       Spider (0/4) Lair:3        Slime (0/5) Lair:5
    Orc (0/2) D:10

Altars:
Ashenzari
Cheibriados
Dithmenos
Elyvilon
Fedhas
Gozag
Hepliaklqana
Kikubaaqudgha
Makhleb
Nemelex Xobeh
Okawaru
Qazlal
Ru
Sif Muna
Trog
Uskayaw
Vehumet
Wu Jian
Xom
Yredelemnul
Zin
The Shining One
Jiyva

Shops:
D:5 *   D:7 =

Portals:
Trove: D:11 (give horn of Geryon)

Annotations:
D:11 2 transporters, Kite's ghost, journeyman MiBe
Lair:4 3 runed doors, Pamm's ghost, journeyman NaWz
Lair:5 1 runed door


Message History

The catoblepas is almost dead.
A blink frog comes into view.
The teleport trap disappears.
The blink frog disappears!
The blink frog reappears nearby!
The catoblepas breathes a plume of calcifying dust at you.
The blast of calcifying dust hits you!
You are engulfed in calcifying dust.
You are slowing down.
The spiny frog stings you!!
You climb upwards.
Level annotation: 1 runed door You have turned to stone.
The spiny frog stings you! The spiny frog stings you!! x2
The spiny frog stings you! x2
* * * LOW HITPOINT WARNING * * *
The spiny frog stings you!
* * * LOW HITPOINT WARNING * * *
The spiny frog stings you!
You die...

########......##.# ##P..##
..##PP...........####.....#
.........................##
..........................##
...............#...#P....#.######
.P..........<...#...P.......##..#
....).....................#......
.......#..........#..............
.......#......#.@..##............
....P..#.P.#.....F..##...........
.....###P.##....♣....#...........
.......####....####....#..####...
#.....<##....### ##....### #.#..
........#....########....######..
......###.....#...###...#.#.##...
......+...................+.#....
.......♣.....♣.....♣.....♣#......


You could see a spiny frog.

Vanquished Creatures
  Nessos (Lair:5)
  Josephine (D:11)
  A hydra (Lair:5)
  Erica (D:11)
  3 two-headed ogres
  Nergalle (Lair:2)
  A cyclops (D:11)
  An ugly thing (D:11)
  3 black mambas
  A merfolk siren (Lair:3)
  A gargoyle (D:11)
  7 spiny frogs
  5 komodo dragons
  A rime drake (Lair:1)
  A hornet (D:8)
  10 blink frogs
  3 hippogriffs
  Sigmund (D:3)
  2 wraiths (D:11)
  3 fire bats (Lair:1)
  A fire elemental (Lair:1)
  42 yaks
  A hungry ghost (D:10)
  6 basilisks
  4 wyverns
  Menkaure (D:4)
  A steam dragon (D:7)
  9 water moccasins
  7 porcupines
  3 orc warriors
  9 ice beasts
  A black bear (D:11)
  A sky beast (D:7)
  5 ogres
  3 wolves (Lair:2)
  9 centaurs
  A big kobold (D:7)
  14 crocodiles
  An elf zombie (Ossuary)
  Blork the orc (D:6)
  A gnoll sergeant (D:10)
  21 bullfrogs
  A wyvern skeleton (D:10)
  2 scorpions
  5 electric eels
  2 howler monkeys (D:7)
  4 centaur zombies
  4 crimson imps
  2 bullfrog zombies
  3 hounds
  A human zombie (Ossuary)
  9 orc priests
  A centaur skeleton (D:5)
  A jelly (D:11)
  A gnoll shaman (D:6)
  Ijyb (D:3)
  Terence (D:3)
  6 iguanas
  6 orc wizards
  6 worker ants
  2 big kobold zombies (Ossuary)
  3 hound zombies (Ossuary)
  2 hound skeletons
  3 mummies (Ossuary)
  A worker ant zombie (D:11)
  14 gnolls
  13 adders
  2 river rats (D:3)
  4 shadow imps
  An ooze (D:2)
  An adder skeleton (D:6)
  2 adder zombies (Ossuary)
  3 worms (D:3)
  3 dart slugs
  5 leopard geckos
  28 orcs
  5 giant cockroaches
  8 goblins
  8 hobgoblins
  7 jackals
  12 kobolds
  6 quokkas
  2 ball pythons
  7 bats
  3 frilled lizards
  3 goblin zombies (Ossuary)
  5 hobgoblin zombies (Ossuary)
  4 jackal zombies (Ossuary)
  2 kobold zombies (Ossuary)
  3 leopard gecko zombies
  3 orc zombies (Ossuary)
  5 quokka zombies
  8 rats
  2 rat zombies (Ossuary)
  A fungus (Lair:4)
  2 plants (D:7)
429 creatures vanquished.

Vanquished Creatures (others)
  A goblin (D:3)
  2 bushes (D:11)
  A fungus (D:11)
  13 plants
17 creatures vanquished.

Grand Total: 446 creatures vanquished

Notes
Turn   | Place    | Note
-------+----------+-------------------------------------------
     0 | D:1      | nikopol the Deep Elf Fire Elementalist began the quest for
                  | the Orb.
     0 | D:1      | Reached XP level 1. HP: 10/10 MP: 6/6
   245 | D:1      | Reached XP level 2. HP: 15/15 MP: 4/8
   625 | D:1      | Reached XP level 3. HP: 19/19 MP: 7/10
   629 | D:1      | Learned a level 2 spell: Throw Flame
   633 | D:1      | Learned a level 3 spell: Conjure Flame
  1253 | D:2      | Reached skill level 4 in Spellcasting
  1427 | D:2      | Reached XP level 4. HP: 24/24 MP: 6/12
  1553 | D:2      | Learned a level 4 spell: Sticky Flame
  1716 | D:3      | Noticed Terence
  1720 | D:3      | Noticed Ijyb
  1885 | D:3      | Found a basalt altar of Yredelemnul.
  1888 | D:3      | Found a glowing golden altar of the Shining One.
  1890 | D:3      | Noticed an angel
  1946 | D:3      | Noticed Sigmund
  2596 | D:3      | Killed Ijyb
  2596 | D:3      | Reached XP level 5. HP: 12/28 MP: 4/13
  2790 | D:3      | Killed Terence
  2946 | D:3      | Noticed a profane servitor
  3027 | D:3      | Killed Sigmund
  3027 | D:3      | Reached skill level 5 in Spellcasting
  3027 | D:3      | Reached skill level 5 in Fire Magic
  3027 | D:3      | Reached XP level 6. HP: 17/32 MP: 5/16
  3034 | D:3      | Learned a level 5 spell: Fireball
  3164 | D:3      | Found a sacrificial altar of Ru.
  3476 | D:4      | Found a white marble altar of Elyvilon.
  3635 | D:4      | Reached skill level 6 in Spellcasting
  3684 | D:4      | Noticed Menkaure
  3694 | D:4      | Killed Menkaure
  3694 | D:4      | Reached XP level 7. HP: 11/36 MP: 9/18
  4171 | D:4      | Reached skill level 1 in Shields
  4723 | D:5      | Entered Level 5 of the Dungeon
  4843 | D:5      | Noticed a hippogriff
  4859 | D:5      | Killed a hippogriff
  4859 | D:5      | Reached skill level 7 in Spellcasting
  5135 | D:5      | Found Laemuck's General Store.
  5155 | D:5      | Bought a potion of ambrosia for 104 gold pieces
  5367 | D:6      | Noticed Blork the orc
  5373 | D:6      | Killed Blork the orc
  5373 | D:6      | Reached XP level 8. HP: 42/42 MP: 12/20
  6142 | D:6      | Reached skill level 8 in Spellcasting
  6291 | D:7      | Noticed a hippogriff
  6502 | D:7      | Reached skill level 5 in Conjurations
  6657 | D:7      | Killed a hippogriff
  6760 | D:7      | Found Geasell's Jewellery Emporium.
  6870 | D:7      | Reached skill level 9 in Spellcasting
  6870 | D:7      | Reached XP level 9. HP: 20/46 MP: 5/24
  7935 | D:7      | Found a staircase to the Ecumenical Temple.
  8016 | Temple   | Entered the Ecumenical Temple
  8098 | Temple   | Became a worshipper of Vehumet
  8333 | D:8      | Noticed a two-headed ogre
  8340 | D:8      | Killed a two-headed ogre
  8340 | D:8      | Reached skill level 10 in Spellcasting
  8342 | D:8      | Found a sand-covered staircase.
  8425 | Ossuary  | Entered an ossuary
  8544 | Ossuary  | Reached * piety under Vehumet
  8544 | Ossuary  | Offered knowledge of Magic Dart by Vehumet.
  9072 | D:8      | Found an opulent altar of Gozag.
  9087 | D:8      | Found a hide-covered altar of Uskayaw.
  9132 | D:8      | Reached skill level 1 in Fighting
  9309 | D:8      | Offered knowledge of Shock by Vehumet.
  9313 | D:8      | Reached ** piety under Vehumet
  9316 | D:8      | Found a stormy altar of Qazlal.
  9321 | D:8      | You fall through a shaft!
  9488 | D:8      | Reached XP level 10. HP: 50/52 MP: 19/26
  9603 | D:8      | Noticed a two-headed ogre
  9608 | D:8      | Killed a two-headed ogre
  9608 | D:8      | Reached skill level 11 in Spellcasting
 10785 | D:10     | Entered Level 10 of the Dungeon
 10924 | D:10     | Found a staircase to the Orcish Mines.
 10968 | D:10     | Offered knowledge of Mephitic Cloud by Vehumet.
 11039 | D:10     | Noticed a two-headed ogre
 11045 | D:10     | Killed a two-headed ogre
 11045 | D:10     | Reached skill level 12 in Spellcasting
 11045 | D:10     | Reached skill level 10 in Fire Magic
 11502 | D:10     | Reached *** piety under Vehumet
 12197 | D:11     | Noticed a cyclops
 12227 | D:10     | Upgraded the game from 0.23-a0-143-g1adec7b to
                  | 0.23-a0-151-gf6d1ed2
 12266 | D:11     | Killed a cyclops
 12266 | D:11     | Reached XP level 11. HP: 56/56 MP: 17/29
 12310 | D:11     | Found a transporter.
 12313 | D:11     | Found a transporter.
 12315 | D:11     | Noticed a fire giant
 12317 | D:11     | Noticed Kite's ghost (journeyman MiBe)
 12495 | D:11     | Noticed Erica
 12501 | D:11     | Reached skill level 13 in Spellcasting
 12503 | D:11     | Killed Erica
 12503 | D:11     | Offered knowledge of Force Lance by Vehumet.
 12675 | D:11     | Found a portal to a secret trove of treasure.
 12678 | D:11     | Got a brightly glowing quarterstaff
 12682 | D:11     | Noticed a white ugly thing
 12696 | D:11     | Killed a white ugly thing
 12700 | D:11     | Noticed Josephine
 12727 | D:11     | Killed Josephine
 12962 | D:11     | Found a staircase to the Lair.
 13042 | D:11     | Reached **** piety under Vehumet
 13043 | D:11     | Offered knowledge of Stone Arrow by Vehumet.
 13043 | D:11     | Reached skill level 5 in Stealth
 13049 | D:11     | Learned a level 4 spell: Throw Icicle
 13049 | D:11     | Reached skill level 14 in Spellcasting
 13176 | D:11     | Reached skill level 10 in Conjurations
 13354 | Lair:1   | Entered Level 1 of the Lair of Beasts
 13856 | Lair:1   | Reached XP level 12. HP: 61/61 MP: 23/32
 13892 | Lair:1   | Identified the cursed +3 quarterstaff "Death Rattle" {elec,
                  | Dex+4 SInv} (You found it on level 11 of the Dungeon)
 13986 | Lair:1   | Reached skill level 1 in Ice Magic
 15295 | Lair:2   | Noticed Nergalle
 15299 | Lair:2   | Killed Nergalle
 15543 | Lair:2   | Reached skill level 15 in Spellcasting
 15881 | Lair:2   | Found a glowing golden altar of the Shining One.
 15910 | Lair:2   | Reached ***** piety under Vehumet
 16523 | Lair:3   | Offered knowledge of Bolt of Magma by Vehumet.
 16535 | Lair:3   | Learned a level 5 spell: Bolt of Magma
 16596 | Lair:3   | Found a hole to the Spider Nest.
 16861 | Lair:3   | Found a staircase to the Shoals.
 17532 | Lair:4   | Reached skill level 16 in Spellcasting
 17574 | Lair:4   | Found a runed gate.
 17575 | Lair:4   | Found a runed gate.
 17577 | Lair:4   | Found a runed gate.
 17578 | Lair:4   | Noticed Pamm's ghost (journeyman NaWz)
 17621 | Lair:4   | Reached XP level 13. HP: 65/65 MP: 31/35
 18164 | Lair:4   | Found a viscous altar of Jiyva.
 18269 | Lair:5   | Noticed Nessos
 18274 | Lair:5   | Killed Nessos
 18274 | Lair:5   | Reached skill level 5 in Dodging
 18553 | Lair:5   | Found a runed door.
 18553 | Lair:5   | Found a viscous altar of Jiyva.
 18554 | Lair:5   | Noticed an azure jelly
 18558 | Lair:5   | Found a staircase to the Slime Pits.
 18558 | Lair:5   | Noticed an azure jelly
 19117 | Lair:6   | Entered Level 6 of the Lair of Beasts
 19128 | Lair:5   | Slain by a spiny frog

Vault maps used:
D:1:      wheals_arrival_shading
D:2:      first_ration
D:3:      grunt_temple_overflow_holy_war, gup_sewer_entry_spiral,
          nicolae_ru_awakened_eye, uniq_ijyb, uniq_terence, uniq_sigmund
D:4:      overflow_temple_1_default, uniq_menkaure
D:5:      serial_shops, shop, grunt_ministairs_11
D:6:      uniq_blork_the_orc
D:7:      minmay_temple_entry_glassed_door, serial_shops, shop, serial_bayou,
          serial_bayou_pond_d, serial_bayou_pond_e, serial_bayou_ford_a,
          serial_bayou_lake_a
D:8:      grunt_temple_overflow_open, chequers_ossuary_entry_cave, basic_altar,
          lightli_minifort
D:10:     hiddenorc1_lemuel
D:11:     minmay_lair_entry_grove, portal_ice_cave_entry_ice_beasts,
          gammafunk_ghost_arena, enter_trove_2, uniq_josephine, uniq_erica
Temple:   minmay_crystal_spiral_temple
Lair:2:   lemuel_centaur_altar, uniq_nergalle
Lair:3:   elwin_shoals_entry_rooms, dummy_spider_entry
Lair:4:   gammafunk_ghost_ooze, lemuel_old_faithful, grunt_megastairs_1
Lair:5:   slime_altar_2, infiniplex_staircase_pool, grunt_megastairs_5,
          lemuel_fruit_fields, uniq_nessos
Lair:6:   evilmike_catoblepas_cave, nicolae_volcano_entry_batcave,
          grunt_megastairs_2
Ossuary:  minmay_ossuary_two_tombs

Skill      XL: |  1  2  3  4  5  6  7  8  9 10 11 12 13 |
---------------+----------------------------------------+-----
Fire Magic     | 4 5 6 7 8 10 11 12 13 | 13.0
Spellcasting   | 4 5 6 7 9 10 12 14 16 | 16.4
Conjurations   | 2 3 4 5 7 8 10 12 | 12.9
Stealth        | 3 4 5 |  5.7
Shields        | 1 3 4 |  4.3
Dodging        | 3 4 5 |  5.0
Fighting       | 1 |  1.5
Ice Magic      | 2 |  2.3
Earth Magic    | |  0.5

Action                   |  1- 3 |  4- 6 |  7- 9 | 10-12 | 13-15 || total
-------------------------+-------+-------+-------+-------+-------++-------
Melee: Dagger            |     4 |     1 |   109 |       |       ||   114
       Staff             |       |       |       |     1 |       ||     1
 Cast: Flame Tongue      |    71 |   120 |   233 |   277 |    52 ||   753
       Throw Flame       |     1 |     3 |    13 |     3 |       ||    20
       Conjure Flame     |       |     6 |     7 |     9 |       ||    22
       Sticky Flame      |       |       |    22 |    70 |    10 ||   102
       Fireball          |       |       |    15 |    83 |    23 ||   121
       Throw Icicle      |       |       |       |    13 |       ||    13
       Bolt of Magma     |       |       |       |     4 |       ||     4
  Use: Potion            |     1 |       |       |     2 |       ||     3
       Scroll            |       |     7 |     9 |    11 |     4 ||    31
  Eat: Chunk             |     1 |     8 |    15 |    23 |     5 ||    52
       Ration            |       |       |     2 |     2 |       ||     4
Armor: Robe              |    16 |     3 |    34 |    15 |       ||    68
Dodge: Dodged            |    57 |    21 |    98 |    83 |     7 ||   266
Block: Buckler           |       |       |    38 |    23 |     5 ||    66

Table legend:
 A = Non-vault XP
 B = Vault XP
 C = Vault XP percentage of total XP
 D = Non-vault monster count
 E = Vault monster count
 F = Vault count percentage of total count
                 A         B        C        D         E       F
            +---------+---------+-------+---------+---------+-------
      Total |   33077 |   12839 |  28.0 |     312 |     114 |  26.8
            +---------+---------+-------+---------+---------+-------
        D:1 |      54 |       0 |   0.0 |      30 |       0 |   0.0
        D:2 |      86 |       0 |   0.0 |      19 |       0 |   0.0
        D:3 |      75 |     338 |  81.8 |      26 |      10 |  27.8
        D:4 |     159 |     183 |  53.5 |      10 |       1 |   9.1
        D:5 |     406 |      46 |  10.2 |       8 |       1 |  11.1
        D:6 |     596 |      94 |  13.6 |      22 |       1 |   4.3
        D:7 |    1688 |       0 |   0.0 |      30 |       0 |   0.0
        D:8 |    2811 |     301 |   9.7 |      20 |       5 |  20.0
        D:9 |     865 |       0 |   0.0 |      11 |       0 |   0.0
       D:10 |    2178 |     402 |  15.6 |      14 |      17 |  54.8
       D:11 |    2684 |    5403 |  66.8 |      18 |      25 |  58.1
     Lair:1 |    6955 |       0 |   0.0 |      32 |       0 |   0.0
     Lair:2 |    3982 |    1268 |  24.2 |      22 |       5 |  18.5
     Lair:3 |    1294 |     466 |  26.5 |      10 |       1 |   9.1
     Lair:4 |    5107 |    2290 |  31.0 |      25 |      10 |  28.6
     Lair:5 |    4137 |    1610 |  28.0 |      15 |       3 |  16.7
    Ossuary |       0 |     438 | 100.0 |       0 |      35 | 100.0
            +---------+---------+-------+---------+---------+-------
